 Dungeon Crawl Stone Soup version 0.32-a0-132-g2d33c3cfaf (webtiles) character file.

Game seed: 6798479217241719002

15320 Newt the Fighter (level 12, -21/73 HPs)
             Began as a Kobold Hunter on Feb 9, 2024.
             Was an Elder of Hepliaklqana.
             Demolished by a large slime creature (31 damage)
             ... on level 13 of the Dungeon.
             The game lasted 00:14:46 (15870 turns).

Newt the Fighter (Kobold Hunter)                   Turns: 15870, Time: 00:14:46

Health: -21/73     AC:  6    Str:  9    XL:     12   Next: 56%
Magic:  15/15      EV: 21    Int: 10    God:    Hepliaklqana [****..]
Gold:   702        SH:  6    Dex: 23    Spells: 11/11 levels left

rFire   . . .        J - +0 sling
rCold   + . .        I - +0 buckler {AC+3}
rNeg    . . .        P - +0 troll leather armour
rPois   +            (helmet currently unavailable)
rElec   .            (cloak currently unavailable)
rCorr   .            s - melded +2 pair of gloves
SInv    .            (boots currently unavailable)
Will    .....        (no amulet)
Stlth   +++          g - ring of poison resistance
HPRegen 1.12/turn    o - ring of protection from cold
MPRegen 0.14/turn

%: no passive effects
@: beast-form
A: beast (slay +4), reduced essence, small, no large weapons, nightstalker 3
a: Begin Untransformation, Renounce Religion, Recall Ancestor, Ancestor
Identity, Transference, Idealise


You were on level 13 of the Dungeon.
You worshipped Hepliaklqana.
Hepliaklqana was greatly pleased with you.
You were a hulking beast.
You visited 2 branches of the dungeon, and saw 14 of its levels.
You also visited: Ossuary.

You collected 1066 gold pieces.
You spent 364 gold pieces at shops.

Inventory:

Hand Weapons
 a - a +0 shortbow
 J - a +0 sling (weapon)
Armour
 c - a +0 leather armour
 s - a +2 pair of gloves (melded)
 B - +1 steam dragon scales
 I - a +0 buckler of protection (worn)
 L - the +4 ring mail of Weutegop {rElec rC+}
   (You bought it in a shop on level 10 of the Dungeon)

   rC+:       It protects you from cold.
   rElec:     It insulates you from electricity.
 M - a +1 cloak
 P - a +0 troll leather armour (worn)
Jewellery
 g - a ring of poison resistance (left hand)
 l - a ring of fire
 o - a ring of protection from cold (right hand)
 E - a ring of ice
 G - a ring of protection from fire
 K - an amulet of faith
Talismans
 t - a beast talisman (active)
Wands
 n - a wand of mindburst (8)
 r - a wand of polymorph (13)
 C - a wand of roots (12)
Scrolls
 d - a scroll of fog
 e - 6 scrolls of teleportation
 f - 3 scrolls of poison
 j - 2 scrolls of amnesia
 k - 2 scrolls of enchant weapon
 p - a scroll of vulnerability
 u - a scroll of enchant armour
 y - a scroll of brand weapon
 z - a scroll of noise
 D - 4 scrolls of immolation
 H - a scroll of fear
 N - a scroll of revelation
Potions
 h - 4 potions of haste
 i - 3 potions of heal wounds
 m - 2 potions of brilliance
 q - 2 potions of degeneration
 v - 4 potions of curing
 w - 2 potions of lignification {unknown}
 x - 2 potions of enlightenment
 A - 2 potions of cancellation {unknown}
 F - a potion of magic {unknown}


   Skills:
 + Level 12.6 Fighting
 - Level 12.1 Ranged Weapons
 - Level 9.1 Dodging
 - Level 1.3 Stealth
 - Level 5.5 Shields
 * Level 4.2 Invocations
 - Level 7.7 Shapeshifting


You had 11 spell levels left.
You didn't know any spells.
Your spell library contained the following spells:

 Spells                   Type           Power      Damage    Failure   Level
 Tukima's Dance           Hex            0%         N/A       92%         3
 Olgreb's Toxic Radiance  Alch           0%         N/A       100%        4
 Passage of Golubria      Tloc           0%         N/A       100%        4
 Yara's Violent Unravell  Hex/Alch       0%         3d3       100%        5
 Ozocubu's Refrigeration  Ice            0%         4d7       100%        7
 Discord                  Hex            0%         N/A       100%        8


Dungeon Overview and Level Annotations

Branches:
Dungeon (13/15)            Temple (1/1) D:6            Lair (0/5) D:10
    Orc (0/2) D:12        Ossuary (visited)
 Vaults: D:13-14

Altars:
Ashenzari
Cheibriados
Dithmenos
Elyvilon
Fedhas
Gozag
Hepliaklqana
Kikubaaqudgha
Makhleb
Nemelex Xobeh
Okawaru
Qazlal
Ru
Sif Muna
Trog
Uskayaw
Vehumet
Wu Jian
Xom
Yredelemnul
Zin
The Shining One

Shops:
D:3 [   D:10 *


Innate Abilities, Weirdness & Mutations

You are a hulking beast.
Your limbs bulge with bestial killing power. (Slay +4)
Your life essence is reduced to manifest your ancestor. (-10% HP)
You are small and have problems with some larger weapons.
You are completely attuned to the shadows.


Message History

The large slime creature is severely wounded.
The slime creature hits you but does no damage.
You shoot a sling bullet.
The sling bullet hits the slime creature.
The slime creature is heavily wounded.
A large slime creature splits.
The slime creature hits you!
Unknown command.
The slime creature attacks as it pursues you!
The slime creature hits you!
* * * LOW HITPOINT WARNING * * *
Two slime creatures merge to form a large slime creature.
Things that are here:
a +0 scimitar; a +0 leather armour; an elf corpse Unknown command.
You shoot a sling bullet.
The sling bullet barely misses the large slime creature.
Izel hits the slime creature with a +0 flail!
The slime creature hits you!
* * * LOW HITPOINT WARNING * * *
Unknown command.
Unknown command.
You shoot a sling bullet.
The sling bullet barely misses the slime creature.
Izel avoids your attack. The slime creature misses you.
Unknown command.
Unknown command.
You feel much better.
Izel barely misses the slime creature.
The large slime creature hits you!
* * * LOW HITPOINT WARNING * * *
The slime creature hits you!
* * * LOW HITPOINT WARNING * * *
Unknown command.
Izel hits the slime creature with a +0 flail!
The slime creature dies!
You shoot a sling bullet.
The sling bullet hits the large slime creature!
The large slime creature is severely wounded.
The large slime creature hits you!!
You die...
Hepliaklqana delivers you to your ancestors.

...........{...####.##
...........##...##...#
..........<###..#....#
...?.........................#
............<......)........##
.............................#
...........................###
...........R.J.............#
......#######.h#######..#..#
......# #..# #..#..# ......#
#..# ##...## ..#...# #).#.
##...# #...# #..#. #.####
........ #.## #.#..#c#####..#
..oR.).c..o....##
..b......e)))...##


You could see the friendly Izel the knight and a large slime creature (ally
target).

Vanquished Creatures
  A catoblepas (D:9)
  A centaur warrior (D:13)
  A boulder beetle (D:12)
  A two-headed ogre (D:9)
  A deep elf knight (D:13)
  Pikel (D:5)
  Maurice (D:10)
  A kobold demonologist (D:10)
  A komodo dragon (D:10)
  A troll (D:10)
  2 hornets
  A wraith (D:11)
  Sigmund (D:4)
  7 yaks
  2 vampires (D:12)
  3 steam dragons
  A water moccasin (D:6)
  An ice beast (D:8)
  7 orc warriors
  2 sky beasts
  An ogre (D:5)
  A black bear (D:7)
  5 centaurs
  2 phantoms
  3 lemures (D:5)
  13 kobold brigands
  A bullfrog (D:7)
  2 gnoll sergeants
  4 scorpions
  8 killer bees
  3 howler monkeys
  4 electric eels (D:12)
  2 bombardier beetles
  4 orc priests
  2 hounds
  2 iguanas (D:5)
  2 jellies
  Ijyb (D:4)
  8 orc wizards
  A sleepcap (D:4)
  8 mummies (Ossuary)
  10 gnolls
  10 adders
  2 shadow imps (D:7)
  2 white imps (D:6)
  2 ufetubi (D:5)
  4 dart slugs
  2 ribbon worms
  35 orcs
  2 endoplasms
  3 giant cockroaches
  4 goblins
  9 hobgoblins
  25 kobolds
  5 quokkas
  9 ball pythons
  3 bats
  2 frilled lizards
  5 hobgoblin zombies (Ossuary)
  A kobold zombie (Ossuary)
  2 orc zombies (Ossuary)
  A rat (D:3)
  A spectral goblin (D:2)
253 creatures vanquished.

Vanquished Creatures (collateral kills)
  2 gargoyles
  An unseen horror (D:12)
  A kobold demonologist (D:8)
  2 trolls
  2 slime creatures
  A wyvern (D:10)
  5 yaks (D:10)
  A wraith (D:12)
  A steam dragon (D:9)
  An acid dragon (D:11)
  2 orc warriors
  A laughing skull (D:13)
  4 kobold brigands
  A killer bee (D:11)
  3 orc wizards
  5 orcs
  5 kobolds
38 creatures vanquished.

Vanquished Creatures (others)
  3 ancestors
  4 knights
7 creatures vanquished.

Grand Total: 298 creatures vanquished

Notes
Turn   | Place    | Note
-------+----------+-------------------------------------------
     0 | D:1      | Newt the Kobold Hunter began the quest for the Orb.
     0 | D:1      | Reached XP level 1. HP: 12/12 MP: 1/1
   112 | D:1      | Reached XP level 2. HP: 18/18 MP: 2/2
   673 | D:2      | Reached XP level 3. HP: 22/22 MP: 3/3
   729 | D:2      | Found an opulent altar of Gozag.
  1017 | D:2      | Found a faded altar of an unknown god.
  1493 | D:3      | Reached XP level 4. HP: 26/28 MP: 4/4
  2035 | D:3      | Found Qufraot's Armour Shoppe.
  2043 | D:3      | Reached XP level 5. HP: 32/32 MP: 5/5
  2498 | D:4      | Noticed Ijyb
  2507 | D:4      | Killed Ijyb
  2709 | D:4      | Reached XP level 6. HP: 38/38 MP: 6/6
  2802 | D:4      | Noticed Sigmund
  2808 | D:4      | Killed Sigmund
  2936 | D:4      | Reached XP level 7. HP: 44/44 MP: 7/7
  3249 | D:4      | Reached skill level 5 in Fighting
  3760 | D:4      | Found a burning altar of Makhleb.
  3762 | D:4      | Noticed an Executioner
  4044 | D:5      | Entered Level 5 of the Dungeon
  4157 | D:5      | Reached skill level 10 in Ranged Weapons
  4285 | D:5      | Reached XP level 8. HP: 45/50 MP: 8/8
  4682 | D:5      | Noticed Pikel
  4732 | D:5      | Killed Pikel
  4987 | D:5      | Reached XP level 9. HP: 57/57 MP: 9/9
  5716 | D:6      | Found a staircase to the Ecumenical Temple.
  5735 | Temple   | Entered the Ecumenical Temple
  5739 | Temple   | Became a worshipper of Hepliaklqana the Forgotten
  5949 | D:6      | Reached skill level 1 in Shapeshifting
  6494 | D:7      | Found a sand-covered staircase.
  6500 | Ossuary  | Entered an ossuary
  7085 | D:7      | Found a glowing silver altar of Zin.
  7085 | D:7      | Noticed an angel
  7638 | D:7      | Reached XP level 10. HP: 65/65 MP: 10/10
  8010 | D:8      | Reached skill level 5 in Shapeshifting
  8337 | D:8      | Reached * piety under Hepliaklqana
  8732 | D:8      | You are sucked into a shaft and drop 1 floor!
  9086 | D:8      | Found a glowing golden altar of the Shining One.
  9117 | D:8      | Found a radiant altar of Vehumet.
  9198 | D:8      | Noticed a kobold demonologist
  9208 | D:8      | Killed a kobold demonologist
  9542 | D:8      | Paralysed by a hornet for 2 turns
  9553 | D:8      | Reached skill level 10 in Fighting
  9994 | D:8      | Reached skill level 5 in Dodging
 10162 | D:9      | Found a shimmering blue altar of Sif Muna.
 10351 | D:9      | Noticed a boulder beetle
 10354 | D:9      | Noticed a catoblepas
 10570 | D:9      | Noticed a two-headed ogre
 10590 | D:9      | Killed a two-headed ogre
 10591 | D:9      | Reached XP level 11. HP: 51/65 MP: 11/11
 10717 | D:9      | Reached ** piety under Hepliaklqana
 10718 | D:9      | Remembered your ancestor Izel as a knight
 11126 | D:9      | Killed a catoblepas
 11674 | D:10     | Entered Level 10 of the Dungeon
 11788 | D:10     | Noticed a sixfirhy
 11789 | D:10     | Reached skill level 1 in Shields
 11995 | D:10     | Found Siseetee's Assorted Antiques.
 12000 | D:10     | Bought a dented peridot amulet for 130 gold pieces
 12000 | D:10     | Bought a translucent ring mail for 234 gold pieces
 12000 | D:10     | Identified the +4 ring mail of Weutegop {rElec rC+} (You
                  | bought it in a shop on level 10 of the Dungeon)
 12244 | D:10     | Noticed Maurice
 12246 | D:10     | Maurice stole 479 gold
 12257 | D:10     | Killed Maurice
 12537 | D:10     | Found a staircase to the Lair.
 13403 | D:11     | Reached XP level 12. HP: 58/72 MP: 12/12
 13471 | D:11     | Reached *** piety under Hepliaklqana
 14238 | D:12     | Noticed a boulder beetle
 14265 | D:12     | Killed a boulder beetle
 14414 | D:12     | Reached skill level 5 in Shields
 14861 | D:12     | Reached **** piety under Hepliaklqana
 15256 | D:12     | Reached skill level 1 in Invocations
 15260 | D:12     | Found a staircase to the Orcish Mines.
 15452 | D:13     | Noticed a centaur warrior
 15454 | D:13     | Noticed a deep elf knight
 15610 | D:13     | Killed a centaur warrior
 15820 | D:13     | Killed a deep elf knight
 15870 | D:13     | Demolished by a large slime creature

Illustrated notes

Levels and vault maps discovered:
D:1:      tarquinn_simple_flora_water_e, layout_basic
D:2:      layout_loops_ring, basic_altar,
          dreamdust_ecumenical_altar_drowned_temple, minmay_tetromino_t2
D:3:      layout_basic, serial_shops, shop, kennysheep_generic_room_10
D:4:      layout_basic, makhleb_altar_promises_db, kennysheep_boxes, uniq_ijyb,
          uniq_sigmund
D:5:      layout_basic, kennysheep_doodads, uniq_pikel
D:6:      layout_loops_corners, minmay_temple_entry_junction
D:7:      layout_loops_ring, zin_angel, enter_ossuary_2
D:8:      layout_basic, mainiacjoe_overflow_two_lobes, special_room
          [special_room_kobold]
D:9:      layout_irregular_city, led_sif_book, minmay_misc_feat_pillars,
          minmay_mirror_moons_of_madness
D:10:     layout_basic, david_lair_shrubbed, serial_shops, shop,
          minmay_stone_trees_small, uniq_maurice
D:11:     layout_stronghold
D:12:     layout_roguey, erik_orc_2
D:13:     layout_cave_pools, hangedman_vaults_entry_quadrant_bands,
          nicolae_transmutations_shop
Temple:   sentei_temple_godly_chess

Skill      XL: |  1  2  3  4  5  6  7  8  9 10 11 12 |
---------------+-------------------------------------+-----
Ranged Weapons | 6 7 8 10 12 | 12.1
Fighting       | 3 4 5 7 8 10 11 12 | 12.6
Dodging        | 3 4 6 9 |  9.1
Shapeshifting  | 4 7 |  7.7
Shields        | 3 5 |  5.5
Invocations    | 4 |  4.2
Stealth        | |  1.3

Action                     |  1- 3 |  4- 6 |  7- 9 | 10-12 || total
---------------------------+-------+-------+-------+-------++-------
   Fire: Shortbow          |    70 |    96 |   360 |   277 ||   803
         Sling             |       |       |       |   464 ||   464
 Invoke: Recall Ancestor   |       |       |       |     3 ||     3
         Ancestor Life: Kn |       |       |       |     1 ||     1
  Evoke: Wand              |       |     1 |     2 |     6 ||     9
    Use: Scroll            |     1 |     1 |     5 |    11 ||    18
         Potion            |       |       |     2 |     6 ||     8
 Armour: Leather armour    |     9 |    14 |    89 |       ||   112
         Steam dragon scal |       |       |     2 |    94 ||    96
         Troll leather arm |       |       |       |    57 ||    57
  Dodge: Dodged            |    18 |    19 |   133 |   211 ||   381
  Block: Buckler           |       |       |       |    32 ||    32
   Form: Beast             |       |       |     1 |       ||     1

Table legend: (Time is in decaauts)
 A = Elapsed time spent in this place.
 B = Non-inter-level travel time spent in this place.
 C = Inter-level travel time spent in this place.
 D = Time resting spent in this place.
 E = Time spent auto-exploring this place.
 F = Levels seen in this place.
 G = Mean time per level.
                   A        B        C        D        E       F      G
               +--------+--------+--------+--------+--------+-----+--------+
         Total |  15742 |  15293 |    449 |   3036 |  10335 |  15 | 1049.5 |
       Dungeon |  15395 |  14946 |    449 |   2930 |  10179 |  13 | 1184.2 |
        Temple |      8 |      8 |      0 |      0 |      0 |   1 |    8.0 |
       Ossuary |    338 |    338 |      0 |    106 |    156 |   1 |  338.0 |
               +--------+--------+--------+--------+--------+-----+--------+

Top non-repeatable levels by time:
     D:9: 1741 daAuts
     D:4: 1707 daAuts
     D:8: 1624 daAuts
     D:7: 1420 daAuts
    D:10: 1386 daAuts
    D:12: 1229 daAuts
     D:5: 1216 daAuts
     D:6: 1184 daAuts
    D:11: 1148 daAuts
     D:3: 913 daAuts
     D:2: 769 daAuts
     D:1: 678 daAuts
    D:13: 374 daAuts
 Ossuary: 338 daAuts
  Temple: 8 daAuts
